 Dungeon Crawl Stone Soup version 0.23-a0-4-g8f018a2 (webtiles) character file.

90 prawnwizard the Slasher (level 4, -2/34 HPs)
             Began as a Demonspawn Gladiator on July 31, 2018.
             Slain by a gnoll (3 damage)
             ... on level 2 of the Dungeon.
             The game lasted 00:01:25 (1057 turns).

prawnwizard the Slasher (Demonspawn Gladiator)      Turns: 1057, Time: 00:01:26

Health: -2/34      AC:  6    Str: 15    XL:     4   Next: 32%
Magic:  13/13      EV: 12    Int:  9    God:
Gold:   42         SH:  0    Dex: 15    Spells: 3/3 levels left

rFire    . . .     SeeInvis .   a - +0 long sword
rCold    . . .     Gourm    .   (no shield)
rNeg     . . .     Faith    .   n - +0 ring mail
rPois    .         Spirit   .   c - +0 helmet
rElec    .         Reflect  .   (no cloak)
rCorr    .         Harm     .   (no gloves)
MR       .....                  (no boots)
Stlth    ++........             (no amulet)
HPRegen  0.11/turn              o - ring of magical power
MPRegen  0.13/turn              (no ring)

@: no status effects
A: talons 1, nightstalker 1, rot immunity
a: no special abilities


You were on level 2 of the Dungeon.
You were hungry.

You visited 1 branch of the dungeon, and saw 2 of its levels.

You collected 42 gold pieces.

Inventory:

Hand Weapons
 a - a +0 long sword (weapon)
Missiles
 d - 3 throwing nets (quivered)
Armour
 b - a +0 leather armour
 c - a +0 helmet (worn)
 n - a +0 ring mail (worn)
Jewellery
 o - a ring of magical power (left hand)
Scrolls
 e - a scroll of remove curse {unknown}
 g - a scroll of immolation {unknown}
 j - a scroll of teleportation {unknown}
 k - a scroll of fear {unknown}
 l - a scroll of identify {unknown}
 m - 2 scrolls of blinking {unknown}
 q - a scroll of enchant weapon {unknown}
 r - a scroll of enchant armour {unknown}
Potions
 i - a potion of curing {unknown}
 p - a potion of magic {unknown}
Comestibles
 f - 9 rations
 h - 4 chunks of flesh


   Skills:
 + Level 2.8 Fighting
 * Level 3.8 Long Blades
 - Level 1.7 Throwing
 + Level 3.3 Dodging


You had 3 spell levels left.
You didn't know any spells.
Your spell library was empty.

Dungeon Overview and Level Annotations

Branches:
Dungeon (2/15)

Altars:


Innate Abilities, Weirdness & Mutations

You have sharp toenails.
You are slightly more attuned to the shadows.
You are immune to rotting.


Message History

Unknown command.
You are feeling hungry.
The gnoll throws a throwing net.
The throwing net misses you.
The gnoll throws a throwing net.
The throwing net hits you.
You become entangled in the net!
Things that are here:
a throwing net x2
You struggle against the net.
You tear a large gash into the net.
The gnoll hits you.
* * * LOW HITPOINT WARNING * * *
You rip the net and break free!
The gnoll hits you.
* * * LOW HITPOINT WARNING * * *
You slash the gnoll!
The gnoll is severely wounded.
The gnoll hits you.
* * * LOW HITPOINT WARNING * * *
You closely miss the gnoll. You claw the gnoll, but do no damage.
The gnoll is severely wounded.
The gnoll hits you.
You die...

######### #.......# #.#####.#
##### #.#####.###...#
#...........#.###
#...............#
........####.##.# #.......#
#.##.###########
##.....#####.##.@gg.......#
#.######.......#########.# #.#
........# #.# #.# ##.......# #.#
#.# .##.......#########.#######
#.###.#..................(.....#
.#....#
........###########......
.....###........# #..........#
####....###<##.## #..........#


You could see 2 gnolls.

Vanquished Creatures
  An iguana (D:2)
  2 gnolls (D:2)
  2 adders (D:2)
  An ooze (D:1)
  A leopard gecko (D:1)
  3 giant cockroaches
  4 goblins (D:1)
  A hobgoblin (D:1)
  3 kobolds (D:1)
  A bat (D:2)
  A frilled lizard (D:1)
  4 rats (D:1)
24 creatures vanquished.

Notes
Turn   | Place    | Note
-------+----------+-------------------------------------------
     0 | D:1      | prawnwizard the Demonspawn Gladiator began the quest for the Orb.
     0 | D:1      | Reached XP level 1. HP: 16/16 MP: 1/1
   101 | D:1      | Gained mutation: You are immune to rotting. [demonic ancestry]
   101 | D:1      | Reached XP level 2. HP: 22/22 MP: 2/2
   803 | D:2      | Gained mutation: You are slightly more attuned to the shadows. [demonic ancestry]
   803 | D:2      | Reached XP level 3. HP: 21/28 MP: 3/3
  1018 | D:2      | Gained mutation: You have sharp toenails. [demonic ancestry]
  1018 | D:2      | Reached XP level 4. HP: 18/34 MP: 4/4
  1056 | D:2      | HP: 1/34 [gnoll (5)]
  1057 | D:2      | Slain by a gnoll

Vault maps used:
D:1:      dpeg_arrival_simpleton_a
D:2:      first_ration

Skill      XL: |  1  2 |
---------------+-------+-----
Long Blades    | 3 |  3.8
Dodging        | 3 |  3.3
Fighting       | |  2.8
Throwing       | |  1.7

Action                   |  1- 3 |  4- 6 || total
-------------------------+-------+-------++-------
Melee: Long sword        |    57 |    11 ||    68
       Kick              |       |     5 ||     5
Armor: Leather armour    |     6 |       ||     6
       Ring mail         |    14 |     3 ||    17
Dodge: Dodged            |    48 |     5 ||    53
       Rpst.: Long sword |    18 |     2 ||    20

Table legend:
 A = Spawn XP
 B = Non-spawn XP
 C = Spawn XP percentage of total XP
 D = Spawn monster count
 E = Non-spawn monster count
 F = Spawn count percentage of total count
 G = Total turns spent on level
                    A         B        C        D         E        F      G
               +---------+---------+-------+---------+---------+-------+---------
         Total |       0 |     129 |   0.0 |       0 |      24 |   0.0 |  1057
               +---------+---------+-------+---------+---------+-------+---------
           D:1 |       0 |      34 |   0.0 |       0 |      17 |   0.0 |   747
           D:2 |       0 |      95 |   0.0 |       0 |       7 |   0.0 |   310
               +---------+---------+-------+---------+---------+-------+---------
